AoeStats
← fulekiszili

Arabia

506650296Analyzed
1v1 RM · 19d ago on Sep 14, 2026· 47m 21s· 2 players
Game mode
Random Map
Map size
Tiny (2 player)
Population
200
Speed
Normal
Resources
Standard
Victory
Conquest
Starting age
Dark Age
Ending age
Imperial Age
RankedLock teamsTeams togetherTeam positionsShared explorationLock speedFull tech treeHidden civsTurbo modeCheats
Victory
Defeat
🇫🇷 Franks · France
684
+16
🇷🇴 Spanish · Romania
694
-37
Manchotpowa
8:30 Loom
12:51 Feudal Age
14:11 Wheelbarrow
13:25 Double-Bit Axe
17:00 Gold Mining
20:24 Town Watch
23:36 Castle Age
22:38 Scale Barding Armor
22:44 Forging
23:04 Stone Mining
25:38 Husbandry
26:02 Chain Barding Armor
27:53 Gold Shaft Mining
31:03 Iron Casting
31:28 Hand Cart
32:33 Bow Saw
39:59 Imperial Age
38:23 #83
40:09 Cavalier
41:27 Plate Barding Armor
41:53 Blast Furnace
40:56 Chivalry
41:17 Conscription
41:19 Murder Holes
41:51 Elite Throwing Axeman
44:00 Paladin
fulekiszili
13:41 Feudal Age
12:53 Loom
14:58 Wheelbarrow
13:58 Man-at-Arms
14:44 Arson
16:47 Horse Collar
16:55 Double-Bit Axe
21:23 Gold Mining
21:25 Stone Mining
25:28 Forging
25:20 Scale Mail Armor
29:41 Castle Age
27:40 Town Watch
30:11 Gambesons
30:40 Heavy Plow
31:09 Pikeman
32:41 Squires
33:17 Hand Cart
32:55 Long Swordsman
34:13 Elite Skirmisher
35:17 Bow Saw
35:57 Stone Shaft Mining
37:45 Thumb Ring
37:02 Elite Skirmisher
41:01 Town Patrol
41:46 Iron Casting
41:27 Chain Mail Armor
44:17 Imperial Age
43:49 Bloodlines
43:46 Husbandry
44:08 Inquisition
Connection lost

Rejoining the realm…

Still unreachable

The connection could not be restored.

Session expired

The server has moved on; the page needs a fresh start.